[Event "Team 45 45 League T36"]
[Site "Internet Chess Club"]
[Date "2008.02.02"]
[Round "2"]
[White "FiendAngelical"]
[Black "fantanaranja"]
[Result "1/2-1/2"]
[WhiteElo "1855"]
[BlackElo "1805"]
[Opening "Petrov's defense"]
[ECO "C42"]
[Time "15:02:44"]
[TimeControl "2700+45"]

1. e4 e5 2. Nf3 Nf6 3. Nxe5 Qe7 4. Nf3 Qxe4+ 5. Be2 Be7 6. Nc3 Qf4 7. d4 Qg4 8.
Ng5 Qf5 9. g4 Qa5 10. Bd2 Bb4 11. Bc4 O-O 12. Qf3 d5 13. Bd3 Re8+ 14. Kf1 h6 15.
h4 Bxg4 16. Qg2 Nc6 17. Nh7 Nxh7 18. Qxg4 Nf6 19. Qg2 Nxd4 20. Bxh6 Bf8 21. h5
Kh8 22. Bg5 Re6 23. h6 g6 24. Bxf6+ Rxf6 25. Nxd5 Re6 26. Nf4 Rf6 27. Nd5 Rf3
28. Nc3 Qb6 29. Rb1 c5 30. Ne2 Qf6 31. Nxd4 cxd4 32. Re1 Re3 33. Rd1 Rae8 34. a3
Bd6 35. Rh3 Bc7 36. Bb5 R8e5 37. Bd3 Rf5 38. Bxf5 Qxf5 39. Rd3 Re4 40. Qf3 Rf4
41. Qe2 Re4 42. Qd2 Kh7 43. Rdf3 Qd7 44. Qb4 Bd6 45. Qc4 Bf4 46. Rh4 g5 47. Qd3
f5 48. Rg4 Qe8 49. Rg1 Kxh6 50. Rh1+ Kg6 51. Qd1 Qb5+ 52. Rd3 g4 53. f3 Re3 54.
fxg4 Bg3 55. a4 Qd5 56. Rh3 Re1+ 57. Qxe1 Bxe1 58. gxf5+ Qxf5+ 59. Kxe1 Qa5+ 60.
Kf2 Qxa4 61. Rdg3+ Kf6 62. Rh6+ Kf7 63. Rh7+ Ke6 64. Rh6+ Kf5 65. Rh5+ {Game
drawn by mutual agreement} 1/2-1/2

[Event "Team 45 45 League T36"]
[Site "Internet Chess Club"]
[Date "2008.02.03"]
[Round "2"]
[White "IceBox"]
[Black "siddhu"]
[Result "0-1"]
[WhiteElo "1706"]
[BlackElo "1864"]
[Opening "QGD Slav: 5.e3 (Alekhine variation)"]
[ECO "D15"]
[Time "12:01:43"]
[TimeControl "2700+45"]

1. d4 d5 2. c4 c6 3. Nc3 Nf6 4. Nf3 dxc4 5. e3 b5 6. a4 b4 7. Na2 a5 8. Bxc4 Ba6
9. Qd3 e6 10. Bd2 Bd6 11. Nc1 Qb6 12. Nb3 Nbd7 13. O-O e5 14. dxe5 Nxe5 15. Nxe5
Bxe5 16. Rab1 O-O 17. Bxa6 Qxa6 18. Qxa6 Rxa6 19. f3 Rc8 20. Rfc1 Nd7 21. Rc2
Ra7 22. Be1 c5 23. Nd2 Bf6 24. Bg3 Nb6 25. b3 Rd7 26. Kf2 c4 27. Nxc4 Nxc4 28.
Ke2 Bc3 29. Rxc3 Rd2+ 30. Ke1 bxc3 31. bxc4 Rb2 32. Rc1 Rxc4 33. Be5 Rxg2 34.
Rxc3 Rxc3 35. Bxc3 Rxh2 36. Bxa5 Ra2 37. Bc3 Rxa4 38. Kf2 f5 39. Be5 h6 40. Kg3
Kf7 41. Bd4 g5 42. Bc5 Kg6 43. Bd6 h5 44. Kg2 g4 45. fxg4 fxg4 46. Kg3 Re4 47.
Kf2 h4 48. Be7 h3 49. Bd6 Kf5 50. Bc7 Rc4 51. Kg3 Rc2 52. e4+ Kxe4 {White
resigns} 0-1

[Event "Team 45 45 League T36"]
[Site "Internet Chess Club"]
[Date "2008.02.03"]
[Round "2"]
[White "Bega"]
[Black "Dbronstein06"]
[Result "1/2-1/2"]
[WhiteElo "1765"]
[BlackElo "1703"]
[Opening "Pirc defense"]
[ECO "B07"]
[Time "11:11:26"]
[TimeControl "2700+45"]

1. e4 d6 2. d4 Nf6 3. Nd2 g6 4. Ngf3 Bg7 5. Be2 O-O 6. O-O Bg4 7. c3 Nbd7 8. Re1
e5 9. Qc2 Nh5 10. Nb3 Nf4 11. Bxf4 exf4 12. h3 Bxf3 13. Bxf3 c6 14. Re2 f5 15.
d5 Ne5 16. Nd4 Nxf3+ 17. Nxf3 fxe4 18. Qxe4 Re8 19. Qxe8+ Qxe8 20. Rxe8+ Rxe8
21. dxc6 bxc6 22. Kf1 d5 23. Rd1 h6 24. Nh4 Kf7 25. g3 fxg3 26. fxg3 Be5 27. Kf2
Bd6 28. Nf3 Bc5+ 29. Nd4 Re4 30. Kf3 Bxd4 31. Rxd4 Rxd4 32. cxd4 a5 33. b3 {Game
drawn by mutual agreement} 1/2-1/2

[Event "Team 45 45 League T36"]
[Site "Internet Chess Club"]
[Date "2008.01.31"]
[Round "2"]
[White "alegro"]
[Black "Gil-galad"]
[Result "0-1"]
[WhiteElo "2132"]
[BlackElo "2074"]
[Opening "Sicilian: dragon, classical, Réti-Tartakower variation"]
[ECO "B72"]
[Time "15:11:21"]
[TimeControl "2700+45"]

1. e4 c5 2. Nf3 d6 3. d4 cxd4 4. Nxd4 Nf6 5. Nc3 g6 6. Be2 Bg7 7. Be3 Nc6 8. Nb3
O-O 9. f4 Be6 10. O-O Qc8 11. Kh1 Rd8 12. Qe1 d5 13. f5 gxf5 14. Qg3 dxe4 15.
Bh6 Ne8 16. Rf4 Ne5 17. Rh4 Ng6 18. Rh5 Be5 19. Qe3 f4 20. Qxe4 Nf6 21. Qb4 Nxh5
22. Bxh5 Qc7 23. Re1 Rac8 24. Ne4 Qxc2 25. Ng5 Bd5 26. Nf3 Bxf3 27. Bxf3 b6 28.
h4 Nxh4 29. Qxe7 Nxf3 30. gxf3 Bg7 31. Bxg7 Re8 32. Qh4 Rxe1+ 33. Qxe1 Kxg7 34.
Qe5+ Kg8 35. Qxf4 Qd1+ 36. Kg2 Rc2+ {White resigns} 0-1

[Event "Team 45 45 League T36"]
[Site "Internet Chess Club"]
[Date "2008.02.01"]
[Round "2"]
[White "livis"]
[Black "RedAttack"]
[Result "0-1"]
[WhiteElo "1987"]
[BlackElo "1963"]
[Opening "Queen's pawn"]
[ECO "A40"]
[Time "17:01:34"]
[TimeControl "2700+45"]

1. d4 e6 2. g3 Nf6 3. Bg2 d5 4. Nf3 c5 5. c3 Nc6 6. O-O Be7 7. Bf4 Qb6 8. b3 O-O
9. Ne5 Nd7 10. Nxc6 Qxc6 11. Nd2 Bf6 12. Nf3 b6 13. Rc1 Bb7 14. Qd2 Rfe8 15. Ne5
Nxe5 16. dxe5 Be7 17. Rfe1 Rad8 18. h4 Qc7 19. h5 h6 20. g4 d4 21. f3 dxc3 22.
Qxc3 Rd5 23. e4 Rd7 24. Rcd1 Red8 25. Rxd7 Qxd7 26. Bf1 Bh4 27. Re2 Qd1 28. Rd2
Rxd2 29. Qxd2 Qxf3 30. Bg2 Qxg4 31. Qe3 Qxh5 32. Qd2 Bg5 33. Bxg5 Qxg5 34. Qd3
Qxe5 35. Qd8+ Kh7 36. Qh4 g5 37. Qf2 f5 38. Qe2 Bxe4 39. Qb5 Qd4+ 40. Kh2 Bxg2
41. Kxg2 f4 42. Qe8 Qd5+ 43. Kf2 e5 44. Qe7+ Kg6 45. Qe8+ Qf7 46. Qxe5 g4 47.
Kg2 f3+ 48. Kg3 f2 49. Qe4+ Kg7 50. Qe5+ Kg8 51. Qb8+ Kh7 {White resigns} 0-1

[Event "Team 45 45 League T36"]
[Site "Internet Chess Club"]
[Date "2008.02.05"]
[Round "2"]
[White "cesaralexander"]
[Black "Vael"]
[Result "1-0"]
[WhiteElo "1936"]
[BlackElo "1847"]
[Opening "QGD: 4.Bg5 Be7"]
[ECO "D53"]
[Time "16:34:21"]
[TimeControl "2700+45"]

1. d4 Nf6 2. c4 e6 3. Nc3 d5 4. Bg5 Be7 5. Nf3 c6 6. e3 Nbd7 7. Rc1 Qa5 8. Qc2
c5 9. cxd5 Nxd5 10. Bxe7 Nxe7 11. Bd3 cxd4 12. Nxd4 Nf6 13. O-O O-O 14. a3 Bd7
15. Ne4 Ned5 16. Nxf6+ Nxf6 17. Qc7 b6 18. Qc3 Qxc3 19. Rxc3 Nd5 20. Rc2 Rac8
21. Rfc1 Ne7 22. Ba6 Rxc2 23. Rxc2 Bc8 24. Bd3 Rd8 25. Be2 g6 26. Rc7 Rd7 27.
Rc2 Rd8 28. Kf1 Rd7 29. Ke1 Bb7 30. g3 Kg7 31. Bb5 Be4 32. Bxd7 {Black resigns}
1-0

[Event "Team 45 45 League T36"]
[Site "Internet Chess Club"]
[Date "2008.02.02"]
[Round "2"]
[White "LoseOften"]
[Black "Silenita"]
[Result "1-0"]
[WhiteElo "1827"]
[BlackElo "1819"]
[Opening "Sicilian: Labourdonnais-Löwenthal variation"]
[ECO "B32"]
[Time "15:01:24"]
[TimeControl "2700+45"]

1. e4 c5 2. Nf3 Nc6 3. d4 cxd4 4. Nxd4 e5 5. Nb5 a6 6. Nd6+ Bxd6 7. Qxd6 Qf6 8.
Qd1 Qg6 9. Nc3 d5 10. Nxd5 Qxe4+ 11. Be2 Nd4 12. Nc7+ Ke7 13. Nxa8 Nxc2+ 14. Kf1
Nxa1 15. Be3 b6 16. Nxb6 Be6 17. Qxa1 f5 18. Qc1 f4 19. Bc5+ Kf6 20. f3 Qf5 21.
Kf2 Nh6 22. Rd1 e4 23. Bd4+ Kg6 24. fxe4 Ng4+ 25. Bxg4 Qxg4 26. Nd5 Rf8 27. Rd3
Qh4+ 28. Kg1 h6 29. Rf3 Bxd5 30. exd5 Kh7 31. Qc7 Qg4 32. d6 Rc8 33. Qxg7+ Qxg7
34. Bxg7 Kxg7 35. Rd3 Kf6 36. Kf2 Ke5 37. d7 Rd8 38. Kf3 h5 39. b4 Kf5 40. a4
Ke5 41. b5 axb5 42. axb5 {Black resigns} 1-0

[Event "Team 45 45 League T36"]
[Site "Internet Chess Club"]
[Date "2008.02.03"]
[Round "2"]
[White "FutureCA"]
[Black "JoshuaFranzj"]
[Result "0-1"]
[WhiteElo "1893"]
[BlackElo "1917"]
[Opening "QGD"]
[ECO "D52"]
[Time "17:01:00"]
[TimeControl "2700+45"]

1. d4 d5 2. c4 c6 3. Nc3 Nf6 4. Bg5 e6 5. Nf3 Nbd7 6. e3 Bd6 7. Bd3 dxc4 8. Bxc4
b5 9. Bd3 Bb4 10. O-O O-O 11. e4 Qb6 12. a3 Bxc3 13. bxc3 Bb7 14. Qe2 a6 15. e5
Nd5 16. Qe4 g6 17. Qh4 Nxc3 18. Bf6 Nxf6 19. exf6 Nd5 20. Be4 Qd8 21. Bxd5 exd5
22. Ng5 h5 23. g4 Qxf6 24. gxh5 gxh5 25. Kh1 Qh6 26. Rg1 f6 27. Ne6+ Kh8 28.
Nxf8 Rxf8 29. Rg3 Bc8 30. Rag1 Bf5 31. Re1 Be4+ 32. f3 Bg6 33. Reg1 Bf7 34. Qh3
Qf4 35. Rg4 Qh6 36. Rg7 Qxg7 37. Rxg7 Kxg7 38. Qg3+ Kh6 39. Qd6 Kg7 40. Qxc6 Re8
41. Qxa6 Re3 42. Kg2 Rb3 43. Kg3 b4 44. axb4 Rxb4 45. Qa7 Rb3 46. h4 Rb4 47. Kf4
Rb3 48. Qa4 Rc3 49. Qb4 Rc4 50. Qb6 Rc3 51. Qb2 Rc4 52. Ke3 Rc6 53. f4 Re6+ 54.
Kf3 Re4 55. Qg2+ Kh6 56. Qh3 Rxd4 57. Qf5 Kg7 58. Ke3 Re4+ 59. Kd3 Bg6 60. Qd7+
Re7+ {White resigns} 0-1

[Event "Team 45 45 League T36"]
[Site "Internet Chess Club"]
[Date "2008.02.02"]
[Round "2"]
[White "frothyjowels"]
[Black "matein7"]
[Result "1-0"]
[WhiteElo "1846"]
[BlackElo "1977"]
[Opening "Scandinavian defense"]
[ECO "B01"]
[Time "12:01:21"]
[TimeControl "2700+45"]

1. e4 d5 2. exd5 Nf6 3. Bb5+ Bd7 4. Bc4 Bg4 5. f3 Bf5 6. g4 Bg6 7. Nc3 c6 8.
dxc6 Nxc6 9. d3 e5 10. Nge2 Bc5 11. h4 Nxg4 12. fxg4 Qf6 13. Rh2 h6 14. Nd5 Qd6
15. Ng3 b5 16. Bb3 Nd4 17. Ne4 Qc6 18. Nxc5 Qxc5 19. Be3 Rd8 20. c3 Rxd5 21.
cxd4 exd4 22. Rc1 Qe7 23. Bxd5 O-O 24. Qe2 dxe3 25. g5 Qe5 26. Qg2 Rd8 27. gxh6
Rxd5 28. h5 Bxh5 29. Rxh5 Qd4 30. h7+ Kh8 31. Qxd5 Qb4+ 32. Rc3 {Black resigns}
1-0

[Event "Team 45 45 League T36"]
[Site "Internet Chess Club"]
[Date "2008.02.02"]
[Round "2"]
[White "jakesnake"]
[Black "alo"]
[Result "1-0"]
[WhiteElo "1895"]
[BlackElo "1808"]
[Opening "English opening"]
[ECO "A16"]
[Time "14:03:44"]
[TimeControl "2700+0"]

1. c4 Nf6 2. Nc3 g6 3. g3 Bg7 4. Bg2 d6 5. e4 c5 6. Nge2 Nc6 7. d3 O-O 8. O-O
Nd7 9. Be3 Rb8 10. Qd2 Re8 11. f4 Nf8 12. Rab1 Ne6 13. f5 Ned4 14. fxg6 hxg6 15.
Bh6 Nxe2+ 16. Nxe2 Bg4 17. Qf4 f5 18. exf5 Bxe2 19. fxg6 Rf8 20. Bd5+ Kh8 21.
Qh4 Rxf1+ 22. Rxf1 e6 23. Bxg7+ {Black resigns} 1-0

[Event "Team 45 45 League T36"]
[Site "Internet Chess Club"]
[Date "2008.02.03"]
[Round "2"]
[White "touchthis"]
[Black "MrShaw"]
[Result "1-0"]
[WhiteElo "1748"]
[BlackElo "1926"]
[Opening "Bird's opening"]
[ECO "A02"]
[Time "14:02:30"]
[TimeControl "2700+45"]

1. f4 Nf6 2. Nf3 g6 3. e3 Bg7 4. Be2 d5 5. d3 c5 6. O-O O-O 7. Qe1 Nc6 8. Qh4
Bg4 9. Nbd2 Nb4 10. Bd1 Qb6 11. a3 Nc6 12. h3 Bd7 13. Ne5 c4 14. Ndf3 cxd3 15.
cxd3 Rad8 16. g4 Be6 17. Kh1 Nxe5 18. fxe5 Nd7 19. d4 f6 20. exf6 exf6 21. Bc2
Rde8 22. b4 Qc7 23. Ba4 Qc4 24. Bd2 Rc8 25. Qg3 b5 26. Rfc1 Qd3 27. Bd1 Nb6 28.
Qd6 Bf7 29. Qg3 Nc4 30. Rc3 Qf1+ 31. Kh2 Nxd2 32. Rxc8 Nxf3+ 33. Qxf3 Qxf3 34.
Rxf8+ Bxf8 35. Bxf3 Bd6+ 36. Kg2 {Black resigns} 1-0

[Event "Team 45 45 League T36"]
[Site "Internet Chess Club"]
[Date "2008.02.01"]
[Round "2"]
[White "kevrose07"]
[Black "searchforbobby1"]
[Result "1-0"]
[WhiteElo "1956"]
[BlackElo "2061"]
[Opening "Sicilian: closed, 2...Nc6"]
[ECO "B23"]
[Time "19:24:12"]
[TimeControl "2700+45"]

1. e4 c5 2. Nc3 Nc6 3. Nf3 e5 4. Bb5 d6 5. a4 Nf6 6. Nd5 Nxe4 7. Qe2 Nf6 8. Nxe5
dxe5 9. Qxe5+ Be7 10. Bxc6+ bxc6 11. Nc7+ Kf8 12. Nxa8 Bd6 13. Qc3 Nd5 14. Qb3
Qe7+ 15. Kd1 Bb7 16. Re1 Qd7 17. c4 Nb4 18. Nb6 axb6 19. a5 bxa5 20. Rxa5 f6 21.
Qe3 Kf7 22. Ra7 Rd8 23. Qf3 g6 24. b3 Bb8 25. Ra5 Nd3 26. Re2 Bc8 27. Ra2 Qd4
28. h3 Nb4 29. Bb2 Qd6 30. Be5 Qxe5 31. Rxe5 Bxe5 32. Ra7+ Rd7 33. Rxd7+ Bxd7
34. g4 Bd4 35. Qg3 Be5 36. f4 Bd4 37. h4 h5 38. f5 hxg4 39. Qc7 Ke7 40. fxg6 Be5
41. Qxd7+ Kxd7 42. g7 Nd3 43. h5 f5 44. g8=Q Ke7 45. Qg5+ Ke6 46. Qg6+ Bf6 47.
h6 Ne5 48. Qg8+ Ke7 49. h7 Nf7 50. Qc8 Nd6 51. h8=Q Bxh8 52. Qxh8 Ke6 53. Ke2 f4
54. Qh6+ Ke5 55. Qg5+ Nf5 56. Qxg4 Nd4+ 57. Kd3 Nxb3 58. Qg5+ Ke6 59. Qxf4 Nd4
60. Ke4 Nb3 61. Qh6+ Ke7 62. Qxc6 Nxd2+ 63. Kd3 Nb3 64. Qb7+ {Black resigns} 1-0

[Event "Team 45 45 League T36"]
[Site "Internet Chess Club"]
[Date "2008.02.01"]
[Round "2"]
[White "keisher415"]
[Black "AntonioMendonca"]
[Result "1-0"]
[WhiteElo "1890"]
[BlackElo "1748"]
[Opening "Sicilian: dragon, Yugoslav attack, 10.O-O-O"]
[ECO "B78"]
[Time "18:32:24"]
[TimeControl "2700+45"]

1. e4 c5 2. Nf3 d6 3. d4 cxd4 4. Nxd4 Nf6 5. Nc3 g6 6. Bc4 Bg7 7. Be3 O-O 8. f3
Nc6 9. Qd2 Bd7 10. O-O-O Qa5 11. Kb1 Rfc8 12. Bb3 Ne5 13. g4 Nc4 14. Bxc4 Rxc4
15. Nb3 Qc7 16. e5 Ne8 17. Nd5 Qd8 18. Bg5 f6 19. Nxf6+ exf6 20. Qd5+ Kh8 21.
exf6 Bxf6 22. Bxf6+ Qxf6 23. Qxc4 Rc8 24. Qd4 Kg7 25. Rhe1 Qxd4 26. Rxd4 Kf7 27.
Rf4+ Kg8 28. Re7 Bc6 29. Rff7 Bd5 30. Rxh7 Bxf3 31. g5 Bd1 32. Nd4 Bg4 33. c3
Rc5 34. Rh4 Rxg5 35. Rxe8+ Kf7 36. Rb8 Kf6 37. Rxb7 Ke5 38. Rxa7 Bd1 39. Kc1 Rg1
40. Kd2 Bh5 41. Rxh5+ gxh5 42. Nf3+ {Black resigns} 1-0

[Event "Team 45 45 League T36"]
[Site "Internet Chess Club"]
[Date "2008.01.31"]
[Round "2"]
[White "MPknight"]
[Black "Archdruid"]
[Result "1/2-1/2"]
[WhiteElo "1714"]
[BlackElo "1780"]
[Opening "Benkö gambit half accepted"]
[ECO "A57"]
[Time "21:02:45"]
[TimeControl "2700+45"]

1. d4 Nf6 2. c4 c5 3. d5 b5 4. cxb5 a6 5. e3 g6 6. Nc3 Bg7 7. Nf3 O-O 8. Be2 d6
9. O-O Bd7 10. a3 Qb6 11. bxa6 Nxa6 12. Re1 Rfb8 13. Nd2 Qb7 14. e4 Nc7 15. Bd3
Ng4 16. Nc4 Qb3 17. Qxb3 Rxb3 18. Bd2 Ne5 19. Nxe5 Bxe5 20. Reb1 Rab8 21. Ra2
Bd4 22. Bc2 R3b7 23. Bd3 e6 24. Bc4 exd5 25. exd5 Bf5 26. Rc1 Rxb2 27. Rxb2 Rxb2
28. Be1 Kg7 29. Kf1 h5 30. Ne2 Be5 31. Bc3 Bxc3 32. Nxc3 g5 33. h3 h4 34. Ke1 g4
35. hxg4 Bxg4 36. Ne4 Ne8 37. Nc3 h3 38. gxh3 Bxh3 39. a4 Rb4 40. Bb5 Nc7 41.
Bc6 Bg2 42. Nb5 Bxd5 43. Bxd5 Nxd5 44. Nxd6 Rxa4 45. Rxc5 Ra1+ 46. Ke2 Nf4+ 47.
Ke3 Ne6 48. Rc8 Ra3+ 49. Ke2 Nf4+ 50. Ke1 Nd3+ 51. Ke2 Nf4+ 52. Ke1 Ng2+ 53. Kf1
Nf4 54. Rc1 Rh3 55. Kg1 Ne2+ 56. Kg2 Rd3 57. Nf5+ Kf6 58. Rc5 Nf4+ 59. Kh2 Rh3+
60. Kg1 Rh5 61. Nd6 Rg5+ 62. Rxg5 Kxg5 63. Nxf7+ Kf5 {Game drawn by mutual
agreement} 1/2-1/2

[Event "Team 45 45 League T36 u"]
[Site "Internet Chess Club"]
[Date "2008.02.01"]
[Round "2"]
[White "OOB1"]
[Black "RingLord"]
[Result "0-1"]
[WhiteElo "1525"]
[BlackElo "1546"]
[Opening "Sicilian: Scheveningen variation"]
[ECO "B80"]
[Time "21:08:37"]
[TimeControl "2700+45"]

1. e4 c5 2. Nf3 e6 3. d4 cxd4 4. Nxd4 Nf6 5. Nc3 d6 6. Nf3 Be7 7. Bd3 Nc6 8. a3
O-O 9. O-O a6 10. Qe2 Qc7 11. Re1 Nd7 12. Bf4 Bf6 13. Bd2 b5 14. Rf1 Bb7 15.
Rab1 Nce5 16. Rfc1 Nb6 17. Kh1 d5 18. Bf4 d4 19. Nxd4 Qd7 20. Rd1 Nxd3 21. Nf3
Nxf4 22. Rxd7 Nxe2 23. Rxb7 Nxc3 24. bxc3 Nc4 25. a4 Rfb8 26. Rc7 Na3 27. Rc1
bxa4 28. e5 Bd8 29. Rd7 Rb1 30. Rcd1 Rxd1+ 31. Rxd1 Nxc2 32. Rd2 Na3 33. Nd4 Ba5
34. Rd3 Nb5 35. c4 Nxd4 36. Rxd4 Rd8 37. Rd6 a3 38. c5 a2 {White resigns} 0-1

[Event "Team 45 45 League T36"]
[Site "Internet Chess Club"]
[Date "2008.02.05"]
[Round "2"]
[White "fledermaus"]
[Black "mitus"]
[Result "1-0"]
[WhiteElo "1926"]
[BlackElo "1862"]
[Opening "Nimzo-Indian: classical, Noa variation, 5.cd ed"]
[ECO "E35"]
[Time "16:21:43"]
[TimeControl "2700+45"]

1. d4 Nf6 2. c4 e6 3. Nc3 Bb4 4. Qc2 d5 5. cxd5 exd5 6. Bg5 O-O 7. e3 h6 8. Bxf6
Qxf6 9. Bd3 Re8 10. Nf3 Bg4 11. Ne5 Be6 12. O-O c6 13. f4 Bc8 14. Rae1 Nd7 15.
a3 Bxc3 16. bxc3 c5 17. Qa2 c4 18. Be2 Nxe5 19. fxe5 Qg5 20. Rf3 h5 21. Bd1 Bf5
22. Qf2 g6 23. h4 Qe7 24. Rf1 Rf8 25. Rg3 Kh7 26. Rg5 Bd3 27. Be2 Bxe2 28. Qxe2
Rac8 29. Rf6 Rc6 30. Rxh5+ Kg7 31. Rxc6 bxc6 32. Rg5 Qxa3 33. h5 Qxc3 34. Qf2
Kh6 35. Qf4 Kg7 36. Qf6+ Kg8 37. Rg3 Qe1+ 38. Kh2 Qe2 39. h6 {Black resigns} 1-0

[Event "Team 45 45 League T36"]
[Site "Internet Chess Club"]
[Date "2008.02.03"]
[Round "2"]
[White "rss"]
[Black "Grenadier"]
[Result "1-0"]
[WhiteElo "1772"]
[BlackElo "1681"]
[Opening "Caro-Kann: Steinitz variation"]
[ECO "B17"]
[Time "13:59:13"]
[TimeControl "2700+45"]

1. e4 c6 2. d4 d5 3. Nc3 dxe4 4. Nxe4 Nd7 5. Nf3 Ngf6 6. Ng3 e6 7. Bd3 Bd6 8.
O-O b6 9. Qe2 O-O 10. Ne5 Qc7 11. Re1 Bb7 12. Nxd7 Qxd7 13. Ne4 Be7 14. Bg5 Qxd4
15. Rad1 c5 16. Nxf6+ Bxf6 17. Bxh7+ Kxh7 18. Rxd4 Bxd4 19. c3 Bf6 20. Bxf6 gxf6
21. Qh5+ Kg7 22. Qg4+ Kh7 23. Re3 {Black resigns} 1-0

[Event "Team 45 45 League T36"]
[Site "Internet Chess Club"]
[Date "2008.02.03"]
[Round "2"]
[White "WoadRaider"]
[Black "cgrau"]
[Result "0-1"]
[WhiteElo "1618"]
[BlackElo "1730"]
[Opening "Scandinavian (center counter) defense"]
[ECO "B01"]
[Time "12:45:31"]
[TimeControl "2700+45"]

1. e4 d5 2. exd5 Qxd5 3. Nc3 Qa5 4. d4 Nf6 5. Nf3 c6 6. Bd2 Bf5 7. Bc4 e6 8. Qe2
Bb4 9. a3 Nbd7 10. O-O Bxc3 11. Bxc3 Qc7 12. Rad1 O-O 13. Bb4 Rfd8 14. Ne5 Nxe5
15. dxe5 Nd5 16. Bd6 Qb6 17. c3 Rd7 18. Bd3 Bxd3 19. Rxd3 Nf4 20. Qd2 Nxd3 21.
Qxd3 Rad8 22. b4 c5 23. Qg3 cxb4 24. axb4 Rxd6 25. exd6 Qxd6 26. Qxd6 Rxd6 27.
Ra1 a6 28. Kf1 Rd2 29. Rc1 Kf8 30. Ke1 Rb2 31. Rd1 Ke7 32. Rd2 Rxd2 33. Kxd2 Kd6
34. Kd3 b6 35. Kd4 a5 36. Kc4 Kc6 37. h3 b5+ 38. Kb3 a4+ 39. Ka3 Kd5 40. g3 Kc4
41. Kb2 e5 42. f3 f5 {White resigns} 0-1